Match 27763740
Unlisted

Match 27763740
End
Vickers Machine Gun Team
Construct Section Command Post
Dingo Light Scout Car
Infantry Section
Infantry Section
Construct Field Infirmary
Infantry Section
Construct Platoon Command Post
Selects Heavy Armor Battlegroup
Selects Light Vehicle Withdraw and Refit
Light Vehicle Withdraw and Refit
6-pounder Anti-tank Gun Team
Humber Armored Car
Royal Engineer Section
Grenade Package
Ra11
InSaNiedi
▼△TheBlueMan™△▼
Nicko
0
0

Comments sign in to comment!

No comments posted yet!